 Dungeon Crawl Stone Soup version 0.29.1-15-g9cfb28693d (webtiles) character file.

Game seed: 335636121294888719

850 Eitelfritz the Slasher (level 7, 0/54 HPs)
             Began as a Minotaur Gladiator on Apr 14, 2023.
             Was a Follower of Hepliaklqana.
             Slain by an orc warrior
             ... wielding a +0 halberd
              (14 damage)
             ... on level 6 of the Dungeon.
             The game lasted 00:08:51 (5319 turns).

Eitelfritz the Slasher (Minotaur Gladiator)         Turns: 5319, Time: 00:08:51

Health: 0/54       AC:  8    Str: 18    XL:     7   Next: 69%
Magic:  6/6        EV: 11    Int:  7    God:    Hepliaklqana [*.....]
Gold:   306        SH:  0    Dex: 12    Spells: 6/6 levels left

rFire   + . .      SeeInvis .   a - +1 long sword
rCold   + . .      Faith    .   (no shield)
rNeg    . . .      Spirit   .   j - +0 scale mail
rPois   .          Reflect  .   c - +1 hat
rElec   .          Harm     .   q - scarf {rC+ rF+}
rCorr   +          Rampage  .   (no gloves)
Will    .....                   (no boots)
Stlth   ..........              (no amulet)
HPRegen 0.18/turn               f - ring of resist corrosion
MPRegen 0.10/turn               (no ring)

@: no status effects
A: reduced essence, horns 2, retaliatory headbutt
a: Renounce Religion, Recall Ancestor, Ancestor Identity


You were on level 6 of the Dungeon.
You worshipped Hepliaklqana.
Hepliaklqana was aware of your devotion.
You visited 2 branches of the dungeon, and saw 7 of its levels.
You also visited: Sewer.

You collected 306 gold pieces.

Inventory:

Hand Weapons
 a - a +1 long sword (weapon)
 h - the +11 spear "Kaat" {vamp, Fly rC+ Stlth-}
   (You found it on level 5 of the Dungeon)

   It occasionally heals its wielder for a portion of the damage dealt when it
   wounds a living foe.
   rC:        It protects you from cold.
   Fly:       It grants you flight.
   Stlth:     It makes you less stealthy.
 n - a +0 flail
Missiles
 d - 4 throwing nets
 e - a javelin
 t - 5 poisoned darts (quivered)
Armour
 c - a +1 hat (worn)
 j - a +0 scale mail (worn)
 q - a scarf of resistance (worn)
Jewellery
 f - a ring of resist corrosion (left hand)
 i - a ring of wizardry
 y - a ring of ice
Wands
 l - a wand of paralysis (8)
 m - a wand of light (2)
 E - a wand of flame (9)
Scrolls
 g - 2 scrolls of fog
 s - a scroll of vulnerability
 v - a scroll of teleportation
Potions
 b - a potion of heal wounds
 k - 4 potions of invisibility {unknown}
 o - a potion of magic {unknown}
 p - 4 potions of flight
 r - a potion of berserk rage
 u - a potion of experience {unknown}
 w - a potion of brilliance {unknown}
 z - a potion of might {unknown}
 A - a potion of curing {unknown}
 B - a potion of mutation {unknown}
 C - a potion of ambrosia {unknown}
 D - a potion of lignification {unknown}


   Skills:
 + Level 4.8 Fighting
 + Level 7.8 Long Blades
 + Level 2.1 Throwing
 + Level 4.7 Armour
 + Level 4.6 Dodging
 + Level 1.1 Stealth


You had 6 spell levels left.
You didn't know any spells.
Your spell library contained the following spells:

 Spells                   Type           Power      Damage    Failure   Level
 Freezing Cloud           Conj/Ice/Air   0%         6-21      100%        5
 Simulacrum               Ice/Necr       0%         N/A       100%        6
 Polar Vortex             Ice            0%         N/A       100%        9


Dungeon Overview and Level Annotations

Branches:
Dungeon (6/15)             Temple (1/1) D:4           Sewer (visited)

Altars:
Ashenzari
Cheibriados
Fedhas
Hepliaklqana
Kikubaaqudgha
Makhleb
Nemelex Xobeh
Okawaru
Ru
Sif Muna
Trog
Uskayaw
Vehumet
Wu Jian
Xom
Yredelemnul
Zin
The Shining One


Innate Abilities, Weirdness & Mutations

Your life essence is reduced to manifest your ancestor. (-10% HP)
You have a pair of horns on your head.
You reflexively headbutt those who attack you in melee.


Message History

Something writhes in agony!
Something hits you but does no damage.
You slash something!
Reactivating autopickup.
You feel a bit more experienced.
The orc priest hits you but does no damage.
The orc warrior hits you but does no damage.
Unknown command.
Unknown command.
You slash the orc warrior!
The orc warrior is heavily wounded.
The orc warrior hits you with a +0 halberd!
* * * LOW HITPOINT WARNING * * *
The orc priest mumbles some strange prayers to Beogh against you.
You struggle to resist.
Unknown command.
You feel much better.
The orc priest casts a cantrip, but nothing happens.
The orc warrior hits you with a +0 halberd!
You hit the orc warrior but do no damage.
Your headbutt misses the orc warrior.
The orc warrior is heavily wounded.
The orc priest closely misses you.
The orc warrior hits you but does no damage.
You barely miss the orc warrior.
The orc warrior is moderately wounded.
The orc priest closely misses you. The iguana misses you.
The orc warrior barely misses you.
You completely miss the orc warrior.
The orc warrior is moderately wounded.
The iguana closely misses you. The orc priest barely misses you.
The orc warrior hits you with a +0 halberd!!
* * * LOW HITPOINT WARNING * * *
You feel much better. The iguana bites you.
The orc warrior hits you with a +0 halberd.
* * * LOW HITPOINT WARNING * * *
The orc priest closely misses you.
You barely miss the orc warrior.
The orc warrior is moderately wounded.
The orc warrior hits you with a +0 halberd!
You die...

.######..#####....###
.######...........#
..........<.[.....#
.##############.#.#
..................#
.##############.#########
.# ................. .#
##.##.##......### .#
#.).#@.....# ..
#...♣olo.....# .#
........#......# .#
.>....###.....(# ....##
+####### .♣. .. .


You could see an orc warrior, an iguana and an orc priest.

Vanquished Creatures
  An ogre (D:5)
  A kobold brigand (Sewer)
  A phantom (D:6)
  A scorpion (D:6)
  A howler monkey (D:5)
  A hound (D:5)
  An orc priest (D:3)
  Jessica (D:2)
  4 orc wizards
  5 adders
  6 river rats (Sewer)
  A worm (D:2)
  3 dart slugs
  18 orcs
  14 ball pythons
  7 endoplasms
  3 giant cockroaches
  7 goblins
  11 hobgoblins
  6 jackals
  5 quokkas
  8 bats
  6 frilled lizards
  5 kobolds
  4 rats
121 creatures vanquished.

Vanquished Creatures (collateral kills)
  An ogre (D:5)
  An iguana (D:6)
  An adder (D:6)
3 creatures vanquished.

Vanquished Creatures (others)
  An ancestor (D:6)
  7 plants
  4 withered plants (D:1)
12 creatures vanquished.

Grand Total: 136 creatures vanquished

Notes
Turn   | Place    | Note
-------+----------+-------------------------------------------
     0 | D:1      | Eitelfritz the Minotaur Gladiator began the quest for the
                  | Orb.
     0 | D:1      | Reached XP level 1. HP: 18/18 MP: 0/0
    83 | D:1      | Reached XP level 2. HP: 25/25 MP: 1/1
   100 | D:1      | Reached skill level 4 in Long Blades
   559 | D:1      | Found a faded altar of an unknown god.
   629 | D:2      | Reached XP level 3. HP: 30/30 MP: 2/2
   996 | D:2      | Noticed Jessica
  1005 | D:2      | Killed Jessica
  1006 | D:2      | Reached XP level 4. HP: 37/38 MP: 3/3
  1300 | D:2      | Reached skill level 5 in Long Blades
  2087 | D:3      | Reached skill level 1 in Armour
  2087 | D:3      | Reached XP level 5. HP: 27/46 MP: 4/4
  2566 | D:3      | Reached skill level 6 in Long Blades
  2602 | D:4      | Found a sparkling altar of Nemelex Xobeh.
  2660 | D:4      | Found a glowing drain.
  2664 | Sewer    | Entered a sewer
  2689 | Sewer    | Reached XP level 6. HP: 41/52 MP: 5/5
  3627 | D:4      | Reached skill level 1 in Stealth
  3695 | D:4      | Found a staircase to the Ecumenical Temple.
  3729 | Temple   | Entered the Ecumenical Temple
  3779 | Temple   | Became a worshipper of Hepliaklqana the Forgotten
  4405 | D:5      | Entered Level 5 of the Dungeon
  4458 | D:5      | Reached skill level 7 in Long Blades
  4515 | D:5      | Reached XP level 7. HP: 29/60 MP: 6/6
  4681 | D:5      | Identified the +11 spear "Kaat" {vamp, Fly rC+ Stlth-}
  4755 | D:5      | Reached * piety under Hepliaklqana
  5317 | D:6      | HP: 2/54 [orc warrior/+0 halberd (19)]
  5319 | D:6      | Slain by an orc warrior

Illustrated notes

Levels and vault maps discovered:
D:1:      dreamdust_arrival_beginning_and_end, layout_basic,
          shapermc_ecumenical_altar_flowoftime, st_stairs_2
D:2:      layout_basic, nicolae_figureground_pulse, uniq_jessica
D:3:      layout_loops_corners
D:4:      layout_basic, nemelex_xobeh_ov_fountains_minmay,
          minmay_temple_entry_gardened_gates, gup_sewer_entry_bowl
D:5:      layout_basic
D:6:      layout_basic, grunt_ministairs_13
Temple:   minmay_crystal_spiral_temple

Skill      XL: |  1  2  3  4  5  6  7 |
---------------+----------------------+-----
Long Blades    | 4 5 6 7 |  7.8
Dodging        | 4 |  4.6
Fighting       | 3 4 |  4.8
Armour         | 1 2 3 4 |  4.7
Stealth        | 1 |  1.1
Throwing       | |  2.1

Action                   |  1- 3 |  4- 6 |  7- 9 || total
-------------------------+-------+-------+-------++-------
Melee: Long sword        |    81 |   206 |    40 ||   327
       Headbutt          |    17 |    34 |     7 ||    58
       Punch             |       |     2 |       ||     2
Throw: Dart              |       |     2 |     1 ||     3
  Use: Scroll            |       |     9 |     3 ||    12
       Potion            |       |       |     2 ||     2
Armor: Ring mail         |     9 |       |       ||     9
       Scale mail        |     5 |    69 |    21 ||    95
Dodge: Dodged            |    41 |   101 |    34 ||   176
